Map: Ulrena

Players

LilDicky

  • Race: Terran Terran
  • League: Diamond

Capnjazz - Winner!

  • Race: Protoss Protoss
  • League: Diamond

VOD

http://www.twitch.tv/tumescentpie

Description

Time

  • Played on: Nov. 24, 2015, 5:51 p.m.
  • Length: 5:24
Show
View Real Time Build Order
Export as new Build Order

LilDicky Terran 

Build Orders: MMM Bio 

Get SALT Encoding   

  12  0:01  SCV  
  13  0:13  SCV  
  14  0:20  Supply Depot  
  14  0:25  SCV  
  15  0:31  Refinery  
  15  0:42  SCV  
  16  0:49  Barracks  
  16  0:54  SCV  
  17  1:06  SCV  
  18  1:18  SCV  
  19  1:36  Orbital Command  
  19  1:39  Factory  
  19  1:42  Marine  
  19  1:44  Supply Depot  
  20  2:01  SCV  
  21  2:02  Marine  
  22  2:11  Barracks  
  22  2:14  Barracks  
  22  2:26  Barracks Reactor  
  22  2:36  SCV  
  23  2:48  SCV  
  24  2:58  Barracks Tech Lab, Refinery  
  24  3:00  SCV  
  24  3:02  Marine x2  
  24  3:03  Barracks Tech Lab  
  27  3:06  Widow Mine  
  27  3:12  SCV  
  30  3:21  Marine  
  30  3:23  Stimpack  
  30  3:26  Supply Depot  
  31  3:29  Combat Shields  
  31  3:34  SCV, Marine x3  
  31  3:39  Marine  
  35  3:49  Bunker  
  35  3:52  Marauder x2, Marine  
  35  3:53  SCV  
  41  3:58  Supply Depot  
  41  4:02  Widow Mine  
  41  4:38  Supply Depot  
  41  4:42  Engineering Bay  
  40  5:03  Marine  
  39  5:07  SCV  
  39  5:09  Missile Turret  
Show
View Real Time Build Order
Export as new Build Order

Capnjazz Protoss - Winner!

Build Orders: Dark Templar Rush 

Get SALT Encoding   

  12  0:01  Probe (Chrono Boost)  
  13  0:11  Probe (Chrono Boost)  
  14  0:18  Pylon  
  14  0:22  Probe (Chrono Boost)  
  15  0:36  Probe (Chrono Boost)  
  15  0:38  Gateway  
  16  0:46  Probe (Chrono Boost)  
  16  0:49  Assimilator  
  17  0:57  Probe (Chrono Boost)  
  17  0:59  Assimilator  
  18  1:08  Probe (Chrono Boost)  
  20  1:18  Probe (Chrono Boost)  
  20  1:32  Probe (Chrono Boost)  
  21  1:33  Cybernetics Core  
  21  1:38  Pylon  
  21  1:42  Probe (Chrono Boost)  
  22  1:53  Probe (Chrono Boost)  
  23  2:03  Probe (Chrono Boost)  
  24  2:10  Twilight Council  
  24  2:12  Warp Gate (Chrono Boost)  
  24  2:27  Forge  
  24  2:31  Gateway  
  24  2:32  Gateway  
  24  2:47  Dark Shrine  
  24  2:51  Gateway  
  24  3:05  Photon Cannon  
  24  3:33  Pylon  
  24  4:01  Dark Templar x4  
  31  4:43  Zealot x3  
  31  4:44  Nexus  
Tags
 
Add a new tag
Caveats
  • Supply blocks, unpowered buildings, or Contaminate may cause inaccurate times.
  • Supply counts are checked every 10 seconds.